Map: Frost LE

Players

uthermy (uThermal) - Winner!

  • Race: Terran Terran
  • League: Grandmaster

LiquidTLO (TLO)

  • Race: Zerg Zerg
  • League: Grandmaster

VOD

Have the link to the VOD?

Description

Time

  • Played on: July 4, 2016, 1:10 p.m.
  • Length: 8:21
Show
View Real Time Build Order
Export as new Build Order

uthermy Terran - Winner!

Build Orders: Reaper Expand 

Get SALT Encoding   

  12  0:01  SCV  
  13  0:13  SCV  
  14  0:17  Supply Depot  
  14  0:25  SCV  
  15  0:38  SCV  
  15  0:40  Barracks  
  16  0:44  Refinery  
  16  0:51  SCV  
  17  1:03  SCV  
  18  1:15  SCV  
  19  1:27  Reaper, Orbital Command  
  20  1:44  Command Center  
  20  1:53  SCV  
  21  1:59  Barracks  
  21  2:03  Barracks Reactor  
  21  2:06  SCV  
  22  2:15  Supply Depot  
  22  2:18  SCV  
  22  2:22  Refinery  
  23  2:32  Factory  
  23  2:36  SCV  
  24  2:39  Marine x2  
  26  2:48  Barracks Tech Lab  
  26  2:52  SCV  
  26  2:57  Marine x2, Orbital Command  
  29  3:04  SCV  
  30  3:08  Stimpack  
  30  3:12  Marine  
  31  3:15  Marine  
  31  3:18  SCV  
  33  3:25  Starport  
  33  3:29  Factory Reactor  
  33  3:30  Marine  
  33  3:32  SCV  
  35  3:35  SCV  
  35  3:39  Marine x2  
  37  3:44  SCV  
  37  3:45  Supply Depot  
  37  3:47  SCV  
  39  3:49  Marine  
  40  3:57  Marine x2  
  40  3:58  Supply Depot  
  40  3:59  SCV  
  40  4:02  SCV  
  44  4:09  Marine  
  45  4:11  SCV  
  45  4:14  Marine, SCV  
  47  4:22  Medivac  
  47  4:23  Medivac  
  51  4:29  Engineering Bay  
  51  4:34  Engineering Bay  
  51  4:36  Marine, SCV  
  53  4:40  Marine x2  
  53  4:43  SCV  
  56  4:47  Refinery  
  56  4:48  Supply Depot  
  56  4:51  SCV  
  57  4:53  Marine  
  57  4:58  Marine x2  
  60  5:00  Terran Infantry Armor Level 1  
  60  5:01  SCV  
  61  5:11  Marine  
  62  5:14  SCV  
  62  5:16  Marine  
  62  5:17  Marine  
  62  5:33  Orbital Command  
  62  5:35  Supply Depot x2  
  62  5:56  Marine x3, Medivac x2, SCV  
  70  6:09  Supply Depot, Engineering Bay  
  70  6:10  SCV  
  71  6:14  Marine x2  
  71  6:15  Engineering Bay  
  71  6:17  SCV  
  74  6:19  Supply Depot, Marine  
  74  6:20  Supply Depot  
  74  6:22  SCV  
  76  6:26  Medivac  
  76  6:30  Engineering Bay  
  76  6:31  SCV  
  76  6:32  Supply Depot  
  79  6:36  Marine  
  80  6:43  Supply Depot, SCV  
  80  6:46  SCV  
  79  6:48  Supply Depot  
  79  6:50  Marine  
  79  6:52  Marine  
  81  6:54  Factory Reactor  
  81  6:56  SCV  
  81  6:58  Armory  
  82  7:01  Liberator  
  82  7:04  Marine  
  82  7:08  SCV  
  84  7:10  SCV  
  84  7:11  Marine  
  84  7:13  Marine  
  87  7:20  SCV  
  87  7:22  Marine  
  92  7:27  SCV  
  90  7:32  SCV  
  90  7:33  Marine x2  
  88  7:39  SCV  
  88  7:40  Marine  
  90  7:44  SCV  
  90  7:51  Marine x2, SCV  
  93  7:56  SCV  
  93  7:58  Marine  
  96  8:02  Supply Depot  
  96  8:03  Supply Depot  
  96  8:04  SCV  
  97  8:08  SCV  
Show
View Real Time Build Order
Export as new Build Order

LiquidTLO Zerg 

Build Orders: Hatch First, Zergling Baneling 

Get SALT Encoding   

  12  0:00  Drone  
  13  0:12  Overlord  
  13  0:17  Drone  
  14  0:30  Drone  
  14  0:31  Drone  
  16  0:37  Drone  
  17  0:53  Hatchery  
  17  0:56  Drone  
  17  1:00  Drone  
  17  1:04  Extractor  
  17  1:15  Spawning Pool  
  17  1:18  Drone  
  17  1:21  Drone  
  18  1:28  Drone  
  19  1:39  Overlord  
  19  2:01  Queen  
  19  2:02  Zergling x2  
  19  2:03  Metabolic Boost  
  25  2:08  Drone  
  25  2:09  Drone  
  25  2:12  Drone  
  27  2:16  Drone  
  28  2:25  Drone  
  29  2:30  Spore Crawler  
  29  2:34  Queen  
  29  2:36  Queen  
  28  2:39  Zergling x2  
  28  2:43  Drone  
  31  2:45  Zergling x2  
  31  2:47  Zergling x2  
  33  2:57  Overlord, Zergling x2  
  34  3:02  Zergling x2  
  35  3:09  Baneling Nest  
  34  3:13  Extractor  
  34  3:16  Zergling x2  
  33  3:30  Zergling x8, Hatchery  
  33  3:31  Zergling x4  
  39  3:38  Zergling x2  
  40  3:45  Drone  
  40  3:47  Drone x2  
  40  3:48  Drone  
  44  3:49  Overlord  
  44  4:02  Overlord  
  44  4:07  Overlord  
  44  4:08  Drone x2  
  44  4:09  Drone  
  42  4:18  Drone  
  42  4:21  Zergling x2  
  42  4:23  Baneling x8  
  43  4:26  Zergling x2  
  43  4:30  Zergling x2  
  45  4:32  Overlord  
  45  4:35  Zergling x2  
  45  4:36  Zergling x2  
  45  4:38  Zergling x2  
  48  4:43  Zergling x4  
  48  4:45  Zergling x2  
  51  4:47  Zergling x2  
  51  4:48  Baneling x2  
  51  4:49  Baneling  
  51  4:52  Zergling x2  
  53  4:54  Zergling x2  
  53  4:56  Baneling x2  
  53  4:59  Zergling x2  
  55  5:00  Zergling x2  
  55  5:04  Zergling x2  
  55  5:05  Zergling x2  
  58  5:08  Zergling x2  
  58  5:09  Zergling x2  
  58  5:12  Zergling x2  
  58  5:13  Zergling x2  
  62  5:14  Baneling  
  62  5:18  Zergling x2  
  61  5:24  Zergling x2  
  61  5:26  Drone x3  
  61  5:28  Zergling x2  
  65  5:33  Drone  
  63  5:37  Zergling x2  
  63  5:38  Zergling x2, Drone  
  63  5:39  Drone x2  
  63  5:40  Drone  
  63  5:42  Drone  
  67  5:46  Drone  
  65  5:50  Drone  
  65  5:51  Drone, Evolution Chamber  
  64  5:57  Zergling x2, Drone  
  64  5:59  Zergling x2  
  65  6:04  Baneling x3  
  65  6:05  Baneling x3  
  65  6:07  Zergling x2  
  65  6:09  Extractor, Drone  
  65  6:10  Zergling x2  
  65  6:11  Zergling x4  
  69  6:16  Baneling x2  
  69  6:18  Drone  
  69  6:19  Extractor  
  69  6:20  Drone  
  69  6:21  Drone x2  
  69  6:22  Evolution Chamber  
  70  6:29  Baneling, Drone  
  70  6:32  Zergling x2  
  68  6:36  Zergling x2  
  68  6:37  Drone x2  
  71  6:41  Drone  
  71  6:42  Zergling x4  
  71  6:45  Zergling x4  
  71  6:46  Zergling x2  
  73  6:47  Zergling x2  
  73  6:49  Drone  
  73  6:53  Zergling x2  
  73  6:54  Zergling x6  
  76  6:55  Zergling x2  
  76  6:59  Zergling x2  
  80  7:10  Zergling x2  
  81  7:16  Overlord  
  73  7:23  Queen  
  73  7:26  Zergling x2  
  73  7:27  Overlord x2  
  73  7:28  Overlord  
  73  7:29  Overlord  
  73  7:31  Overlord  
  73  7:34  Zergling x4, Queen  
  73  7:35  Zergling x2  
  73  7:36  Zergling x4  
  76  7:37  Zergling x4  
  76  7:39  Zergling x2  
  76  7:42  Zergling x2  
  76  7:43  Zergling x2  
  75  7:45  Zergling x2  
  75  7:46  Zergling x6  
  79  7:51  Zergling x2  
  79  7:53  Zergling x4  
  79  7:55  Baneling x2  
  79  7:57  Baneling x3  
  80  8:03  Zergling x2  
Tags
 
Add a new tag
Caveats
  • Supply blocks, unpowered buildings, or Contaminate may cause inaccurate times.
  • Supply counts are checked every 10 seconds.